 Seeded DCSS version 0.27.1-15-g792fb953b9 (webtiles) character file.

Game seed: 20211118 (custom seed)

32 jessy the Covered (level 3, 0/30 HPs)
             Began as a Barachi Fighter on Nov 18, 2021.
             Slain by a goblin (2 damage)
             ... on level 2 of the Dungeon.
             The game lasted 00:07:10 (1903 turns).

jessy the Covered (Barachi Fighter)                 Turns: 1903, Time: 00:07:11

Health: 0/30       AC:  7    Str: 18    XL:     3   Next: 27%
Magic:  3/3        EV:  7    Int:  8    God:
Gold:   18         SH:  9    Dex: 11    Spells: 2/2 levels left

rFire    . . .     SeeInvis .   a - +0 long sword
rCold    . . .     Faith    .   c - +0 kite shield
rNeg     . . .     Spirit   .   b - +0 scale mail
rPois    .         Reflect  .   (no helmet)
rElec    .         Harm     .   g - scarf {+Inv}
rCorr    .         Rampage  .   (no gloves)
Will     .....                  (no boots)
Stlth    ..........             f - amulet of magic regeneration
HPRegen  0.10/turn              (no ring)
MPRegen  0.33/turn              (no ring)

@: slow
A: amphibious, slowness 1, strong legs 1, +LOS
a: Hop, Evoke Invisibility


You were on level 2 of the Dungeon.
You visited 1 branch of the dungeon, and saw 2 of its levels.

You collected 18 gold pieces.

Inventory:

Hand Weapons
 a - a +0 long sword (weapon)
Missiles
 e - 24 stones (quivered)
Armour
 b - a +0 scale mail (worn)
 c - a +0 kite shield (worn)
 g - a scarf of invisibility (worn)
Jewellery
 f - an amulet of magic regeneration (around neck)
Scrolls
 h - a scroll of immolation
 i - 2 scrolls of teleportation {unknown}
 l - a scroll of identify {unknown}
Potions
 d - a potion of might
 j - a potion of curing {unknown}
 k - a potion of ambrosia {unknown}


   Skills:
 + Level 3.9 Fighting
 + Level 2.9 Long Blades
 + Level 4.1 Armour
 + Level 0.8 Dodging
 + Level 3.6 Shields


You had 2 spell levels left.
You didn't know any spells.
Your spell library was empty.

Dungeon Overview and Level Annotations

Branches:
Dungeon (2/15)

Altars:

Annotations:
D:2 Terence


Innate Abilities, Weirdness & Mutations

You are amphibious.
You cover ground slowly.
You can hop short distances.
You have an extended range of vision and can be seen from far away.


Message History

The giant cockroach bites you but does no damage.
You block the goblin's attack. Terence closely misses you.
You block the giant cockroach's attack.
You slash the giant cockroach!
You kill the giant cockroach!
The goblin hits you with a +0 club. You block Terence's attack.
The goblin hits you but does no damage. You block Terence's attack.
You block the goblin's attack. Terence hits you with a +0 falchion.
Things that are here:
a giant cockroach corpse; a frilled lizard corpse You block the goblin's attack.
Terence hits you with a +0 falchion.
Terence asks, "Do you want it fast or slow?"
The goblin hits you but does no damage. Terence hits you but does no damage.
You hit Terence.
Terence is moderately wounded.
Terence barely misses you.
You closely miss Terence.
Terence is moderately wounded.
Terence hits you with a +0 falchion. You block Terence's attack.
You hit Terence.
Terence is heavily wounded.
Terence hits you with a +0 falchion.
* * * LOW HITPOINT WARNING * * *
You hit Terence.
Terence is severely wounded.
You block Terence's attack. Terence hits you with a +0 falchion.
* * * LOW HITPOINT WARNING * * *
You hit Terence.
Terence is almost dead.
Terence hits you with a +0 falchion.
* * * LOW HITPOINT WARNING * * *
Terence hits you but does no damage. You block Terence's attack.
Terence hits you but does no damage. You block the goblin's attack.
You block Terence's attack. The goblin hits you but does no damage.
You block Terence's attack.
Things that are here:
a +2 whip of venom; a kobold corpse
Found a stone staircase leading down.
The goblin hits you with a +0 club.
You die...

........##......#'#######
.......###.....#.# .......#
#.....#.########
##...###..............#
#......(..............#
#.........)........†..#
#.....................#
............@g...........#
...............@...........#
...........................#
.....##.................#####
..... #.................#
.... #.................# ....
#.................#
................#
########....>.... ..........


You could see Terence and a goblin.

Vanquished Creatures
  2 ball pythons
  4 bats (D:1)
  4 endoplasms (D:1)
  2 giant cockroaches
  A goblin (D:1)
  5 jackals (D:1)
  5 kobolds
  4 frilled lizards
  A rat (D:1)
28 creatures vanquished.

Notes
Turn   | Place    | Note
-------+----------+-------------------------------------------
     0 | D:1      | jessy the Barachi Fighter began the quest for the Orb.
     0 | D:1      | Reached XP level 1. HP: 18/18 MP: 1/1
   116 | D:1      | Reached XP level 2. HP: 10/25 MP: 2/2
   427 | D:1      | Found a faded altar of an unknown god.
   853 | D:1      | Reached skill level 4 in Armour
  1246 | D:1      | Reached XP level 3. HP: 30/30 MP: 3/3
  1868 | D:2      | Noticed Terence
  1888 | D:2      | HP: 1/30 [Terence (5)]
  1903 | D:2      | Slain by a goblin

Illustrated notes

Levels and vault maps discovered:
D:1:      dpeg_arrival_lava_temple_mockup, layout_basic,
          hellmonk_ecumenical_altar_blasted
D:2:      layout_basic, serial_shops, shop_statue, minmay_misc_feat_enclosed,
          minmay_shallow_snake_nest, uniq_terence

Skill      XL: |  1  2 |
---------------+-------+-----
Armour         | 4 |  4.1
Fighting       | |  3.9
Long Blades    | |  2.9
Dodging        | |  0.8
Shields        | |  3.6

Action                   || total
-------------------------++-------
Melee: Long sword        ||    96
Armor: Scale mail        ||   108
Dodge: Dodged            ||    76
Block: Kite shield       ||    80
       Rpst.: Long sword ||    16
